 Dungeon Crawl Stone Soup version 0.27-a0-1565-gad902ab807 (webtiles) character file.

Game seed: 4287784861538593166

775 Anon1729 the Insei (level 7, -2/69 HPs)
             Began as an Octopode Transmuter on July 16, 2021.
             Was a Believer of Fedhas.
             Slain by an orc (3 damage)
             ... on level 5 of the Dungeon.
             The game lasted 00:08:56 (6169 turns).

Anon1729 the Insei (Octopode Transmuter)            Turns: 6169, Time: 00:08:57

Health: -2/69      AC: 23    Str:  8 (9)  XL:     7   Next: 84%
Magic:  10/12      EV:  2    Int: 18      God:    Fedhas [**....]
Gold:   193        SH:  0    Dex: 10 (12) Spells: 2/12 levels left

rFire    . . .     SeeInvis .     - Unarmed
rCold    . . .     Faith    .   (no shield)
rNeg     + + +     Spirit   .   (helmet currently unavailable)
rPois    +         Reflect  .   (no amulet)
rElec    .         Harm     .   h - ring of willpower
rCorr    .         Rampage  .   (no ring)
Will     +....     NoTele   +   (no ring)
Stlth    +.........             (no ring)
HPRegen  0.21/turn              (no ring)
MPRegen  0.13/turn              (no ring)
                                (no ring)
                                (no ring)

@: tree-form, silenced, marked, attractive, hasted, very quick
A: stationary, stasis, torment immunity, boosted hp, almost no armour,
(amphibious), 8 rings, (camouflage 1), (gelatinous body 1), (nimble swimmer 1),
(tentacles)
a: Renounce Religion


You were on level 5 of the Dungeon.
You worshipped Fedhas.
Fedhas was pleased with you.
You were a tree.
You visited 1 branch of the dungeon, and saw 5 of its levels.

You collected 193 gold pieces.

Inventory:

Missiles
 b - 2 atropa-tipped darts
 j - 12 poisoned darts
Jewellery
 h - a ring of willpower (left branch)
Scrolls
 f - 3 scrolls of fog
 m - a scroll of immolation {unknown}
 n - a scroll of identify {unknown}
Potions
 a - a potion of degeneration


   Skills:
 + Level 3.3 Fighting
 + Level 3.7 Dodging
 + Level 1.6 Stealth
 * Level 5.4 Unarmed Combat
 + Level 3.4 Spellcasting
 + Level 3.7 Transmutations
 - Level 1.0 Ice Magic
 - Level 1.0 Poison Magic
 + Level 1.6 Invocations


You had 2 spell levels left.
You knew the following spells:

 Your Spells              Type           Power      Damage    Failure   Level
a - Beastly Appendage     Tmut           32%        N/A       3%          1
b - Wereblood             Tmut           16%        N/A       5%          2
c - Spider Form           Tmut/Pois      5%         N/A       19%         3
d - Ice Form              Ice/Tmut       11%        N/A       52%         4

Your spell library contained the following spells:

 Spells                   Type           Power      Damage    Failure   Level
 Static Discharge         Conj/Air       3%         N/A       24%         2
 Gell's Gravitas          Tloc           1%         N/A       43%         3
 Lesser Beckoning         Tloc           1%         N/A       43%         3
 Teleport Other           Tloc           3%         N/A       43%         3
 Dispel Undead            Necr           3%         3d7       83%         4
 Sticky Flame             Conj/Fire      3%         2d3       83%         4


Dungeon Overview and Level Annotations

Branches:
Dungeon (5/15)             Temple (0/1) D:5

Altars:
Elyvilon
Fedhas
Makhleb
Xom

Annotations:
D:4 exclusion: jelly
D:5 Ijyb


Innate Abilities, Weirdness & Mutations

You are a tree.
Your roots penetrate the ground, keeping you stationary.
You cannot be teleported.
You are immune to unholy pain and torment.
Your maximum health is greatly increased.
You cannot wear most types of armour.
((You are amphibious.))
You can wear up to eight rings at the same time.
((Your skin changes colour to match your surroundings (Stealth+).))
((Your rubbery body absorbs attacks. (AC +1, EV +1)))
((You are camouflaged near water. (Stealth+)))
((You have tentacles for arms and can constrict up to eight enemies at once.))


Message History

The orc hits you but does no damage.
A rat comes into view.
The rat is pulled toward you!
You hit the orc but do no damage. The orc hits you with a +0 whip.
* * * LOW HITPOINT WARNING * * *
A quokka comes into view.
The orc hits you but does no damage. x3; The rat is pulled toward you!
The quokka is pulled toward you!
Okay, then.
No empty adjacent squares.
Okay, then.
Unknown command.
Unknown command.
You hit the orc.
The orc is heavily wounded.
The orc barely misses you.
You aren't carrying any items that you can evoke.
As you read the scroll labelled OWAMEE SUUGUMO, it crumbles to dust.
You cannot blink because you are held in place by your roots.
It was a scroll of blinking.
A quokka comes into view.
The orc barely misses you. The orc hits you but does no damage. x2
The orc hits you with a +0 mace.
* * * LOW HITPOINT WARNING * * *
The quokka is pulled toward you!
As you read the scroll labelled PULIGYCS CIRPH, it crumbles to dust.
You feel a strange sense of stasis.
It was a scroll of teleportation.
An orc comes into view. It is wielding a +0 club.
The orc hits you but does no damage. x2; The orc barely misses you.
The orc is pulled toward you!
As you read the scroll labelled NONWAYR ITASI, it crumbles to dust.
A profound silence engulfs you.
It was a scroll of silence.
The orc hits you but does no damage.
The orc wizard hits you but does no damage.
Okay, then.
You barely miss the orc.
The orc is heavily wounded.
The orc hits you but does no damage. The orc hits you with a +0 war axe.
You die...
Fedhas appreciates your contribution to the ecosystem.

............. .. ...
........##....
..##...###........ #....
...#...#!.!............#
...#...#.#... .......#
......o..r.. ##.......
.(.....rsor### #.......#
.o.....Zoooo.#####........
.oo...§ #♣oo.............#
.S.g?..###oo..............
#..oSo§o..............#
#..o§o§...............#
#...o§§..†......#.##...
#....§§....###.##.###..
#o##.....#.....##.. ### #.
#.....##..#####.. # o
#.....###.# ... #


You could see a scorpion, an orc wizard, 10 orcs, a scorpion zombie, 2 quokkas
and a rat.

Vanquished Creatures
  A water moccasin (D:4)
  A necrophage (D:4)
  An ogre (D:5)
  A centaur (D:5)
  A water moccasin zombie (D:5)
  A scorpion (D:4)
  A hound (D:4)
  A centaur skeleton (D:4)
  3 orc wizards (D:5)
  9 adders
  3 gnolls
  A white imp (D:5)
  A worm (D:3)
  2 dart slugs
  2 orcs
  2 endoplasms
  A giant cockroach (D:1)
  4 goblins
  8 hobgoblins
  4 jackals
  7 kobolds
  6 quokkas
  5 ball pythons
  5 bats
  3 frilled lizards
  7 rats
81 creatures vanquished.

Vanquished Creatures (others)
  A fungus (D:2)
1 creature vanquished.

Grand Total: 82 creatures vanquished

Notes
Turn   | Place    | Note
-------+----------+-------------------------------------------
     0 | D:1      | Anon1729 the Octopode Transmuter began the quest for the
                  | Orb.
     0 | D:1      | Reached XP level 1. HP: 13/13 MP: 3/3
   340 | D:1      | Reached XP level 2. HP: 18/18 MP: 3/5
  1410 | D:2      | Reached XP level 3. HP: 23/23 MP: 4/6
  1946 | D:2      | Found a faded altar of an unknown god.
  1961 | D:2      | Became a worshipper of Elyvilon the Healer
  1961 | D:2      | Reached * piety under Elyvilon
  2027 | D:2      | Reached XP level 4. HP: 29/29 MP: 7/7
  2218 | D:2      | Found a blossoming altar of Fedhas.
  2227 | D:2      | Fell from the grace of Elyvilon
  2229 | D:2      | Became a worshipper of Fedhas Madash
  3523 | D:2      | Learned a level 2 spell: Wereblood
  3527 | D:2      | Learned a level 3 spell: Spider Form
  3534 | D:3      | Reached XP level 5. HP: 34/34 MP: 4/8
  3956 | D:3      | Reached skill level 4 in Unarmed Combat
  4019 | D:3      | Reached * piety under Fedhas
  5145 | D:4      | Reached XP level 6. HP: 30/41 MP: 8/10
  5375 | D:4      | Noticed a necrophage
  5385 | D:4      | Killed a necrophage
  5722 | D:4      | Found a blossoming altar of Fedhas.
  5722 | D:4      | Found a burning altar of Makhleb.
  5723 | D:4      | Found a shimmering altar of Xom.
  5877 | D:5      | Entered Level 5 of the Dungeon
  5877 | D:5      | Noticed a water moccasin
  5921 | D:5      | Reached skill level 5 in Unarmed Combat
  5921 | D:5      | Reached XP level 7. HP: 46/46 MP: 3/11
  5926 | D:5      | Learned a level 4 spell: Ice Form
  6032 | D:5      | Reached skill level 1 in Stealth
  6090 | D:5      | Found a staircase to the Ecumenical Temple.
  6137 | D:5      | Noticed Ijyb
  6152 | D:5      | Reached skill level 1 in Invocations
  6157 | D:5      | Reached skill level 1 in Ice Magic
  6157 | D:5      | Reached skill level 1 in Poison Magic
  6163 | D:5      | Reached ** piety under Fedhas
  6164 | D:5      | HP: 3/69 [orc (2)]
  6166 | D:5      | HP: 1/69 [orc (2)]
  6169 | D:5      | Slain by an orc

Illustrated notes

Levels and vault maps discovered:
D:1:      nagdon_arrival_double_spiral, layout_basic, bh_walls_and_bars
D:2:      layout_basic, shapermc_ecumenical_altar_gd, basic_altar
D:3:      layout_loops_corners
D:4:      layout_loops_ring, gammafunk_temple_overflow_claw
D:5:      layout_rooms, nicolae_overflow_crystal_walls,
          minmay_temple_entry_overgrown, gup_sewer_entry_spiral,
          minmay_starry_boxes, uniq_ijyb

Skill      XL: |  1  2  3  4  5  6  7 |
---------------+----------------------+-----
Fighting       | 2 3 |  3.3
Unarmed Combat | 4 5 |  5.4
Dodging        | 3 |  3.7
Transmutations | 3 |  3.7
Spellcasting   | 3 |  3.4
Stealth        | 1 |  1.6
Invocations    | 1 |  1.6
Ice Magic      | 1 |  1.0
Poison Magic   | 1 |  1.0

Action                   |  1- 3 |  4- 6 |  7- 9 || total
-------------------------+-------+-------+-------++-------
Melee: Unarmed           |    66 |   129 |    40 ||   235
       Constrict         |    22 |    29 |     4 ||    55
       Kick              |    13 |    17 |     1 ||    31
       Tentacles         |     7 |    16 |     4 ||    27
       Punch             |       |     3 |     1 ||     4
Throw: Dart              |       |     3 |       ||     3
 Cast: Beastly Appendage |    22 |    26 |     2 ||    50
       Spider Form       |       |     3 |     1 ||     4
       Wereblood         |       |     1 |       ||     1
Invok: Renounce Religion |       |     1 |       ||     1
 Abil: End Transformatio |       |     1 |     1 ||     2
  Use: Potion            |       |       |     7 ||     7
       Scroll            |       |       |     4 ||     4
 Stab: Sleeping          |     3 |     9 |       ||    12
Armor: Skin              |     8 |     7 |    51 ||    66
Dodge: Dodged            |    39 |    74 |    29 ||   142

Table legend: (Time is in decaauts)
 A = Elapsed time spent in this place.
 B = Non-inter-level travel time spent in this place.
 C = Inter-level travel time spent in this place.
 D = Time resting spent in this place.
 E = Time spent auto-exploring this place.
 F = Levels seen in this place.
 G = Mean time per level.
                   A        B        C        D        E       F      G
               +--------+--------+--------+--------+--------+-----+--------+
         Total |   6152 |   5961 |    191 |    563 |   4605 |   5 | 1230.4 |
       Dungeon |   6152 |   5961 |    191 |    563 |   4605 |   5 | 1230.4 |
               +--------+--------+--------+--------+--------+-----+--------+

Top non-repeatable levels by time:
     D:2: 2139 daAuts
     D:3: 1618 daAuts
     D:4: 1227 daAuts
     D:1: 979 daAuts
     D:5: 187 daAuts
